AoeStats
← ERRATI

Arena

510310267Analyzed
4v4 RM · 3d ago on Sep 30, 2026· 61m 56s· 8 players
Game mode
Random Map
Map size
Large (8 player)
Population
200
Speed
Normal
Resources
Standard
Victory
Conquest
Starting age
Dark Age
Ending age
Imperial Age
RankedLock teamsTeams togetherTeam positionsShared explorationLock speedFull tech treeHidden civsTurbo modeCheats
Victory
Defeat
🇨🇳 Aztecs · China
1376
+6
🇪🇸 Tatars · Spain
1158
+14
🇨🇳 Britons · China
1078
+31
🇨🇳 Franks · China
958
+21
🇺🇸 Mongols · United States
1141
-16
🇨🇳 Gurjaras · China
1106
-14
🇨🇳 Varangians · China
1101
-14
🇨🇳 Khmer · China
1098
-14
zack
11:01 Feudal Age
10:14 Loom
12:29 Double-Bit Axe
15:57 Castle Age
13:45 Horse Collar
16:56 Heavy Plow
17:54 Bow Saw
19:02 Wheelbarrow
22:52 Stone Mining
26:01 Gold Mining
28:44 Stone Shaft Mining
28:57 Hand Cart
28:27 Town Watch
32:11 Imperial Age
29:27 Town Watch
29:28 Loom
30:09 Forging
30:06 Scale Barding Armor
29:59 Vendel Legacy
30:33 Treadmill Crane
31:05 Fortified Wall
31:57 Iron Casting
32:17 Chain Barding Armor
32:02 Husbandry
32:32 Bloodlines
32:29 Cavalier
33:37 Conscription
36:25 Plate Barding Armor
37:17 Blast Furnace
41:15 Elite Jarl
43:45 Light Cavalry
44:36 Hussar
Longlonglong
12:06 Feudal Age
15:19 Castle Age
14:46 Double-Bit Axe
14:46 Horse Collar
27:53 Bow Saw
27:44 Heavy Plow
29:27 Wheelbarrow
28:56 Stone Mining
32:41 Imperial Age
30:18 Gold Mining
31:06 Stone Shaft Mining
31:36 Gold Shaft Mining
31:25 Hand Cart
31:17 Scale Barding Armor
31:23 Forging
31:12 Loom
30:56 Pikeman
33:00 Scale Mail Armor
33:36 Iron Casting
33:52 Double Crossbow
34:31 Conscription
33:55 Halberdier
34:46 Elite Ballista Elephant
36:32 Husbandry
36:42 Bloodlines
35:52 Light Cavalry
37:39 Chemistry
37:05 Hussar
芒果芋圆冰
9:54 Feudal Age
10:59 Double-Bit Axe
13:05 Horse Collar
15:51 Castle Age
16:54 Bow Saw
23:46 Loom
25:29 Husbandry
25:43 Heavy Plow
26:21 Wheelbarrow
31:26 Imperial Age
29:59 Fletching
31:33 Hand Cart
31:20 Bodkin Arrow
31:39 Masonry
31:58 Thumb Ring
32:47 Bloodlines
32:04 Light Cavalry
33:21 Ballistics
34:01 Chemistry
33:38 Conscription
33:53 Elite Elephant Archer
34:56 Bracer
34:57 Padded Archer Armor
40:17 Padded Archer Armor
41:42 Leather Archer Armor
blizzopop
10:40 Feudal Age
14:54 Castle Age
13:50 Double-Bit Axe
19:32 Loom
20:32 Horse Collar
23:13 Wheelbarrow
23:33 Gold Mining
23:54 Bow Saw
27:47 Imperial Age
25:25 Stone Mining
26:11 Heavy Plow
26:47 Gold Shaft Mining
27:14 Stone Shaft Mining
26:34 Fletching
28:06 Padded Archer Armor
28:51 Hand Cart
29:10 Conscription
29:35 Bodkin Arrow
30:55 Bracer
34:54 Leather Archer Armor
34:51 Light Cavalry
37:02 Bloodlines
42:34 Scale Barding Armor
42:34 Pikeman
43:58 Forging
时尚
10:06 Feudal Age
13:50 Castle Age
12:49 Double-Bit Axe
12:53 Horse Collar
21:42 Wheelbarrow
21:53 Bow Saw
22:17 Heavy Plow
23:34 Gold Mining
24:18 Hand Cart
24:18 Stone Mining
25:36 Stone Shaft Mining
25:08 Town Watch
25:08 Loom
28:25 Imperial Age
27:01 Forging
26:42 Treadmill Crane
27:32 Scale Mail Armor
28:20 Iron Casting
28:49 Squires
28:35 Arson
29:30 Conscription
29:52 Gold Shaft Mining
28:48 Elite Jaguar Warrior
29:44 Chain Mail Armor
29:10 Capped Ram
31:01 Blast Furnace
30:31 Siege Ram
31:27 Siege Engineers
32:22 Garland Wars
32:39 Coinage
33:04 Plate Mail Armor
33:59 Banking
34:37 Fletching
36:05 Bodkin Arrow
38:01 Bracer
38:23 Ballistics
39:03 Chemistry
38:39 Caravan
38:13 Pikeman
50:47 Fortified Wall
56:01 Onager
57:41 Siege Onager
肥肠拌面
10:29 Feudal Age
14:10 Castle Age
12:21 Double-Bit Axe
21:12 Bow Saw
23:31 Wheelbarrow
27:21 Imperial Age
25:35 Scale Barding Armor
26:11 Hand Cart
26:39 Gold Mining
26:51 Stone Mining
27:24 Chain Barding Armor
27:15 Forging
27:48 Husbandry
27:25 Cavalier
28:25 Chivalry
28:49 Conscription
28:40 Loom
28:40 Town Watch
29:11 Paladin
31:02 Plate Barding Armor
31:26 Iron Casting
33:44 Gold Shaft Mining
35:27 Chemistry
34:50 Ballistics
36:45 Blast Furnace
35:38 Fletching
35:49 Padded Archer Armor
38:15 Coinage
37:46 Caravan
43:11 Banking
ERRATI
10:41 Feudal Age
12:54 Double-Bit Axe
15:42 Castle Age
15:33 Forging
20:52 Wheelbarrow
22:43 Town Watch
23:26 Horse Collar
23:59 Bow Saw
24:20 Gold Mining
25:39 Gold Shaft Mining
27:19 Bloodlines
26:30 Light Cavalry
31:00 Fletching
32:13 Bodkin Arrow
32:30 Elite Skirmisher
33:12 Padded Archer Armor
33:33 Heavy Plow
34:18 Leather Archer Armor
35:29 Ballistics
35:24 Town Patrol
35:51 Loom
36:44 Scale Barding Armor
40:34 Hand Cart
44:04 Imperial Age
42:07 Stone Mining
43:17 Husbandry
43:40 Chain Barding Armor
44:39 Heavy Cavalry Archer
45:21 Bracer
46:44 Crop Rotation
46:29 Silk Armor
49:53 Chemistry
51:09 Ring Archer Armor
51:51 Hussar
54:20 Conscription
AJJ
12:40 Feudal Age
17:11 Castle Age
17:06 Horse Collar
19:06 Double-Bit Axe
21:24 Bow Saw
22:01 Gold Mining
23:21 Heavy Plow
24:53 Gold Shaft Mining
26:54 Stone Mining
28:24 Wheelbarrow
27:59 Fletching
32:16 Imperial Age
29:47 Bodkin Arrow
29:52 Padded Archer Armor
31:54 Ballistics
32:57 Yeomen
33:17 Hand Cart
33:38 Capped Ram
34:45 Elite Longbowman
36:15 Conscription
38:04 Caravan
37:38 Pikeman
38:21 Squires
39:49 Chemistry
39:31 Bracer
39:46 Leather Archer Armor
39:15 Halberdier
47:22 Ring Archer Armor
50:51 Loom
50:52 Town Watch
Connection lost

Rejoining the realm…

Still unreachable

The connection could not be restored.

Session expired

The server has moved on; the page needs a fresh start.